 Dungeon Crawl Stone Soup version 0.22-a0-538-g76cc104 (webtiles) character file.

472 Joshtr2000 the Ogre Mage (level 7, -10/74 HPs)
             Began as an Ogre Wizard on June 23, 2018.
             Mangled by Pikel
             ... wielding a +1 whip of electrocution
              (13 damage)
             ... on level 4 of the Dungeon.
             The game lasted 00:34:55 (3549 turns).

Joshtr2000 the Ogre Mage (Ogre Wizard)              Turns: 3549, Time: 00:34:56

Health: -10/74     AC:  6    Str: 12    XL:     7   Next: 9%
Magic:  16/16      EV: 10    Int: 19    God:
Gold:   169        SH:  0    Dex:  9    Spells: 5/18 levels left

rFire    . . .     SeeInvis .   c - +0 giant spiked club
rCold    . . .     Gourm    .   (shield currently unavailable)
rNeg     . . .     Faith    +   a - +1 robe
rPois    .         Spirit   .   b - +0 hat
rElec    .         Reflect  .   (no cloak)
rCorr    .         Harm     .   (gloves unavailable)
MR       .....                  (boots unavailable)
Stlth    ++........             j - amulet of faith
HPRegen  0.22/turn              g - ring of flight
MPRegen  0.15/turn              (no ring)

@: no status effects
A: large, unfitting armour, slimy green scales 1, thin skeletal structure 1,
dopey 1, tough skin 1
a: Evoke Flight


You were on level 4 of the Dungeon.
You were not hungry.

You visited 1 branch of the dungeon, and saw 4 of its levels.

You collected 169 gold pieces.

Inventory:

Hand Weapons
 c - a +0 giant spiked club (weapon)
 k - a +1 hunting sling
 l - a +0 war axe
 m - a +3 flail of holy wrath
Missiles
 e - 4 tomahawks (quivered)
Armour
 a - a +1 robe (worn)
 b - a +0 hat (worn)
Jewellery
 g - a ring of flight (left hand)
 j - an amulet of faith (around neck)
Scrolls
 f - a scroll of remove curse {unknown}
 h - a scroll of identify
 i - a scroll of teleportation
Potions
 n - a potion of haste {unknown}
Comestibles
 d - a ration


   Skills:
 * Level 5.9 Fighting
 - Level 1.7 Dodging
 + Level 2.6 Stealth
 * Level 6.2 Spellcasting
 - Level 0.8 Conjurations
 - Level 0.8 Summonings
 - Level 0.8 Translocations


You had 5 spell levels left.
You knew the following spells:

 Your Spells              Type           Power        Failure   Level  Hunger
a - Magic Dart            Conj           #...         8%          1    None
b - Blink                 Tloc           N/A          12%         2    None
c - Call Imp              Summ           #.......     12%         2    None
d - Slow                  Hex            #.......     17%         2    None
e - Conjure Flame         Conj/Fire      #.......     28%         3    ##.....
f - Mephitic Cloud        Conj/Pois/Air  #.......     28%         3    ##.....

Your spell library contained the following spells:

 Spells                   Type           Power        Failure   Level  Hunger


Dungeon Overview and Level Annotations

Branches:
Dungeon (4/15)
 Temple: D:4-7

Altars:
Makhleb
Trog

Annotations:
D:4 Pikel


Innate Abilities, Weirdness & Mutations

You are too large for most types of armour.
You have tough skin. (AC +1)
You are partially covered in slimy green scales. (AC +2)
You have a somewhat thin skeletal structure. (Dex +2, Stealth)
You are dopey. (Int -2)


Message History

You barely miss the jackal skeleton. The jackal skeleton closely misses you.
The jackal skeleton barely misses you.
You puncture the jackal skeleton!
You destroy the jackal skeleton!
Pikel hits you with a whip of electrocution.
Pikel hits you with a whip of electrocution!
You are electrocuted!
Found a scroll labeled ZIROOD SIRGH.
You closely miss Pikel.
Pikel hits you with a whip of electrocution.
A slave comes into view.
Pikel hits you with a whip of electrocution.
* * * LOW HITPOINT WARNING * * *
You are electrocuted!
* * * LOW HITPOINT WARNING * * *
You closely miss Pikel.
Pikel hits you with a whip of electrocution!
* * * LOW HITPOINT WARNING * * *
You are electrocuted!
You die...

#.....# ..... #........... .....
#........... ....## #...........
.....####...........
#.#.....#........... ##
#.#.....#....(...... ....
..###.#.....#........... #...
#...#.#........K@....(..# #...
#...#.......###....##... ##.[.
.###..#..#.........### #.##....
....)...##........... #......#
..............#....... ...#....#
...#.....##.#........... #.....@#
...#..#...#.#.....[.....##.......
##....................?..........
#........... .. ......###


You could see Pikel.

Vanquished Creatures
  Sigmund (D:2)
  An orc priest (D:3)
  2 orc wizards (D:3)
  Natasha (D:2)
  A gnoll (D:3)
  2 adders (D:3)
  2 worms
  3 leopard geckos
  5 orcs (D:3)
  2 ball pythons (D:2)
  3 giant cockroaches
  8 goblins
  8 hobgoblins
  11 kobolds
  A quokka (D:3)
  7 bats
  6 frilled lizards
  A jackal skeleton (D:4)
  6 rats (D:1)
71 creatures vanquished.

Vanquished Creatures (collateral kills)
  Edmund (D:3)
  An ogre (D:4)
  An orc (D:3)
  4 jackals (D:2)
7 creatures vanquished.

Grand Total: 78 creatures vanquished

Notes
Turn   | Place    | Note
-------+----------+-------------------------------------------
     0 | D:1      | Joshtr2000 the Ogre Wizard began the quest for the Orb.
     0 | D:1      | Reached XP level 1. HP: 16/16 MP: 5/5
    89 | D:1      | Reached skill level 1 in Fighting
   163 | D:1      | Reached XP level 2. HP: 27/27 MP: 2/6
   203 | D:1      | Reached skill level 4 in Spellcasting
   833 | D:2      | Reached XP level 3. HP: 35/35 MP: 2/8
  1094 | D:2      | Gained mutation: You are partially covered in slimy green scales. (AC +2) [potion of mutation]
  1094 | D:2      | Gained mutation: You are dopey. (Int -2) [potion of mutation]
  1094 | D:2      | Gained mutation: You have a somewhat thin skeletal structure. (Dex +2, Stealth) [potion of mutation]
  1237 | D:2      | Noticed Sigmund
  1284 | D:2      | Killed Sigmund
  1284 | D:2      | Reached skill level 5 in Spellcasting
  1284 | D:2      | Reached XP level 4. HP: 32/49 MP: 2/11
  1284 | D:2      | Reached XP level 5. HP: 36/55 MP: 2/12
  1353 | D:2      | Learned a level 2 spell: Blink
  1356 | D:2      | Learned a level 2 spell: Call Imp
  1359 | D:2      | Learned a level 2 spell: Slow
  1363 | D:2      | Learned a level 3 spell: Conjure Flame
  1367 | D:2      | Learned a level 3 spell: Mephitic Cloud
  1770 | D:2      | Noticed Natasha
  1783 | D:2      | Killed Natasha
  2004 | D:3      | Reached XP level 6. HP: 59/63 MP: 10/14
  2118 | D:3      | Found a bloodstained altar of Trog.
  2119 | D:3      | Found a burning altar of Makhleb.
  2567 | D:3      | Reached skill level 5 in Fighting
  3320 | D:4      | Reached skill level 6 in Spellcasting
  3337 | D:4      | Noticed Edmund
  3351 | D:4      | Noticed a slave
  3360 | D:4      | Noticed Pikel
  3480 | D:3      | Killed Edmund
  3480 | D:3      | Reached XP level 7. HP: 58/74 MP: 10/16
  3549 | D:4      | HP: 3/74 [Pikel/whip of electrocution (7)]
  3549 | D:4      | Mangled by Pikel

Vault maps used:
D:1:      minmay_arrival_loop
D:2:      first_ration, corner_web_ring, uniq_sigmund, uniq_natasha
D:3:      nicolae_overflow_hidden_temple, minmay_misc_feat_four_crosses,
          kennysheep_generic_room_13
D:4:      uniq_edmund, uniq_pikel

Skill      XL: |  1  2  3  4  5  6 |
---------------+-------------------+-----
Fighting       | 1 2 4 5 |  5.9
Spellcasting   | 4 5 6 |  6.2
Stealth        | 2 |  2.6
Dodging        | |  1.7
Conjurations   | |  0.8
Summonings     | |  0.8
Translocations | |  0.8

Action                   |  1- 3 |  4- 6 |  7- 9 || total
-------------------------+-------+-------+-------++-------
Melee: Unarmed           |    36 |    15 |       ||    51
       Scythe            |       |    74 |       ||    74
       War axe           |       |    18 |       ||    18
       Giant spiked club |       |     5 |    14 ||    19
 Cast: Magic Dart        |    79 |    55 |       ||   134
       Call Imp          |       |    11 |       ||    11
       Slow              |       |     4 |       ||     4
       Mephitic Cloud    |       |     2 |       ||     2
       Conjure Flame     |       |     1 |       ||     1
       Blink             |       |     1 |       ||     1
 Abil: Evoke Flight      |       |     2 |       ||     2
  Use: Scroll            |     6 |     3 |       ||     9
       Potion            |     2 |     1 |       ||     3
 Stab: Sleeping          |       |     1 |       ||     1
  Eat: Chunk             |     1 |       |       ||     1
       Ration            |       |     2 |     1 ||     3
Armor: Robe              |     8 |    61 |     7 ||    76
       Skin              |     5 |       |       ||     5
Dodge: Dodged            |    14 |    99 |     8 ||   121

Table legend:
 A = Spawn XP
 B = Non-spawn XP
 C = Spawn XP percentage of total XP
 D = Spawn monster count
 E = Non-spawn monster count
 F = Spawn count percentage of total count
 G = Total turns spent on level
                    A         B        C        D         E        F      G
               +---------+---------+-------+---------+---------+-------+---------
         Total |       0 |     675 |   0.0 |       0 |      78 |   0.0 |  3549
               +---------+---------+-------+---------+---------+-------+---------
           D:1 |       0 |      30 |   0.0 |       0 |      21 |   0.0 |   778
           D:2 |       0 |     288 |   0.0 |       0 |      28 |   0.0 |  1213
           D:3 |       0 |     272 |   0.0 |       0 |      26 |   0.0 |  1478
           D:4 |       0 |      85 |   0.0 |       0 |       3 |   0.0 |    80
               +---------+---------+-------+---------+---------+-------+---------
